TOP OF THE 1ST |
Roy Eagle Squadron batting - Pitching for San Francisco Macho Men : RHP Gilberto Delgado
|
Pitching: RHP Gilberto Delgado
|
|
Batting: LHB Quinn Webb
|
0-0: Fly out, F8 (Flyball, 8RM)
|
Batting: RHB Richie Sawyer
|
0-0: Called Strike 0-1: Called Strike 0-2: Strikes out looking
|
Batting: SHB Dan Ross
|
0-0: Ball 1-0: SINGLE (Groundball, 34D)
|
Batting: RHB Jesús Ortíz
|
0-0: Swinging Strike 0-1: Ball 1-1: Ball 2-1: SINGLE (Line Drive, 4) Dan Ross to second
|
Batting: RHB Dan Duckworth
|
0-0: Ball 1-0: Called Strike 1-1: Ball 2-1: Fly out, F1 (Line Drive, 15S)
|
Top of the 1st over - 0 run(s), 2 hit(s), 0 error(s), 2 left on base; Roy 0 - San Francisco 0 |
BOTTOM OF THE 1ST |
San Francisco Macho Men batting - Pitching for Roy Eagle Squadron : RHP Les Johnston
|
Pitching: RHP Les Johnston
|
|
Batting: RHB Mike Hall
|
0-0: Called Strike 0-1: Foul Ball, location: 2F 0-2: Ball 1-2: Foul Ball, location: 2F 1-2: Ball 2-2: Ball 3-2: Foul Ball, location: 2F 3-2: SINGLE (Flyball, 89M)
|
Batting: RHB Will White
|
0-0: Called Strike 0-1: Fly out, F6 (Line Drive, 6)
|
Batting: LHB Tony Ayala
|
0-0: Swinging Strike 0-1: Ball Passed Ball! Mike Hall to second 1-1: Called Strike 1-2: Foul Ball, location: 2F 1-2: Foul Ball, location: 2F 1-2: SINGLE (Line Drive, 78S) Mike Hall to third Runner from 3rd tries for Home, SAFE, no throw
|
Batting: RHB Steve Boyer
|
0-0: Ball 1-0: Ball 2-0: Ball 3-0: Called Strike 3-1: Base on Balls Tony Ayala to second
|
Batting: SHB Walton Locke
|
0-0: Swinging Strike 0-1: SINGLE (Flyball, 89S) Tony Ayala to third Steve Boyer to second Runner from 3rd tries for Home, SAFE, no throw
|
Batting: LHB António Muńóz
|
0-0: Reached on error, E3 (Groundball, 34) Steve Boyer to third Walton Locke to second
|
Batting: RHB Derek Hartman
|
0-0: Ball 1-0: Swinging Strike 1-1: Called Strike 1-2: Foul Ball, location: 2F 1-2: Strikes out swinging
|
Batting: RHB Peter Hernández
|
0-0: Called Strike 0-1: Called Strike 0-2: Ball 1-2: Strikes out swinging
|
Bottom of the 1st over - 2 run(s), 3 hit(s), 1 error(s), 3 left on base; Roy 0 - San Francisco 2 |
TOP OF THE 2ND |
Roy Eagle Squadron batting - Pitching for San Francisco Macho Men : RHP Gilberto Delgado
|
Batting: RHB Oliver Sánchez
|
0-0: Fly out, F4 (Line Drive, 4)
|
Batting: RHB Rich Crabtree
|
0-0: Ball 1-0: Fly out, F9 (Flyball, 9LS)
|
Batting: RHB Ricardo Ruíz
|
0-0: Ball 1-0: Ball 2-0: Ball 3-0: Called Strike 3-1: Swinging Strike 3-2: Foul Ball, location: 2F 3-2: Ground out 6-3 (Groundball, 6)
|
Top of the 2nd over - 0 run(s), 0 hit(s), 0 error(s), 0 left on base; Roy 0 - San Francisco 2 |
BOTTOM OF THE 2ND |
San Francisco Macho Men batting - Pitching for Roy Eagle Squadron : RHP Les Johnston
|
Batting: RHB Dave MacGruder
|
0-0: Called Strike 0-1: Called Strike 0-2: SINGLE (Line Drive, 6M)
|
Batting: RHB Mike Hall
|
0-0: Ball 1-0: Foul Ball, location: 2F 1-1: Swinging Strike 1-2: Strikes out swinging
|
Batting: RHB Will White
|
0-0: Swinging Strike 0-1: Called Strike 0-2: Strikes out looking
|
Batting: LHB Tony Ayala
|
0-0: Ball Dave MacGruder is caught stealing 2nd base
|
Bottom of the 2nd over - 0 run(s), 1 hit(s), 0 error(s), 0 left on base; Roy 0 - San Francisco 2 |
TOP OF THE 3RD |
Roy Eagle Squadron batting - Pitching for San Francisco Macho Men : RHP Gilberto Delgado
|
Batting: RHB Mike Russell
|
0-0: Ball 1-0: Foul Ball, location: 2F 1-1: Ball 2-1: Called Strike 2-2: DOUBLE (Line Drive, 89D)
|
Batting: LHB Quinn Webb
|
0-0: Called Strike 0-1: Foul Ball, location: 2F 0-2: Ground out 6-3 (Groundball, 6D)
|
Batting: RHB Richie Sawyer
|
0-0: Ball 1-0: Ground out 4-3 (Groundball, 4) Mike Russell to third
|
Batting: SHB Dan Ross
|
0-0: Swinging Strike 0-1: Swinging Strike 0-2: Strikes out swinging
|
Top of the 3rd over - 0 run(s), 1 hit(s), 0 error(s), 1 left on base; Roy 0 - San Francisco 2 |
BOTTOM OF THE 3RD |
San Francisco Macho Men batting - Pitching for Roy Eagle Squadron : RHP Les Johnston
|
Batting: LHB Tony Ayala
|
0-0: Fly out, F7 (Flyball, 7LM)
|
Batting: RHB Steve Boyer
|
0-0: Called Strike 0-1: Foul Ball, location: 2F 0-2: Fly out, F9 (Flyball, 9S)
|
Batting: SHB Walton Locke
|
0-0: Fly out, F7 (Flyball, 78M)
|
Bottom of the 3rd over - 0 run(s), 0 hit(s), 0 error(s), 0 left on base; Roy 0 - San Francisco 2 |
TOP OF THE 4TH |
Roy Eagle Squadron batting - Pitching for San Francisco Macho Men : RHP Gilberto Delgado
|
Batting: RHB Jesús Ortíz
|
0-0: Ball 1-0: Foul Ball, location: 2F 1-1: Foul Ball, location: 2F 1-2: Ball 2-2: Ball 3-2: Foul Ball, location: 2F 3-2: Foul Ball, location: 2F 3-2: Ground out 4-3 (Groundball, 4)
|
Batting: RHB Dan Duckworth
|
0-0: Called Strike 0-1: Ball 1-1: Ball 2-1: Ball 3-1: Called Strike 3-2: SOLO HOME RUN (Flyball, 7D) (Inside the Park)
|
Batting: RHB Oliver Sánchez
|
0-0: Called Strike 0-1: Called Strike 0-2: Strikes out looking
|
Batting: RHB Rich Crabtree
|
0-0: Ball 1-0: Ball 2-0: Called Strike 2-1: Called Strike 2-2: Foul Ball, location: 2F 2-2: Ball 3-2: SINGLE (Line Drive, 4MD)
|
Batting: RHB Ricardo Ruíz
|
0-0: SINGLE (Line Drive, 3) Rich Crabtree to second
|
Batting: RHB Mike Russell
|
0-0: Foul Ball, location: 2F 0-1: Ball 1-1: Swinging Strike 1-2: Strikes out swinging
|
Top of the 4th over - 1 run(s), 3 hit(s), 0 error(s), 2 left on base; Roy 1 - San Francisco 2 |
BOTTOM OF THE 4TH |
San Francisco Macho Men batting - Pitching for Roy Eagle Squadron : RHP Les Johnston
|
Batting: LHB António Muńóz
|
0-0: Ball 1-0: Ground out 4-3 (Groundball, 4)
|
Batting: RHB Derek Hartman
|
0-0: Ball 1-0: Ball 2-0: Ball 3-0: Called Strike 3-1: Base on Balls
|
Batting: RHB Peter Hernández
|
0-0: Called Strike 0-1: Ball 1-1: Ball 2-1: Called Strike 2-2: Strikes out swinging
|
Batting: RHB Dave MacGruder
|
0-0: Swinging Strike 0-1: Ball 1-1: Fielders Choice at 2nd, 6-4 (Groundball, 6)
|
Bottom of the 4th over - 0 run(s), 0 hit(s), 0 error(s), 0 left on base; Roy 1 - San Francisco 2 |
TOP OF THE 5TH |
Roy Eagle Squadron batting - Pitching for San Francisco Macho Men : RHP Gilberto Delgado
|
Batting: LHB Quinn Webb
|
0-0: Ground out 1-3 (Groundball, P)
|
Batting: RHB Richie Sawyer
|
0-0: Called Strike 0-1: Foul Ball, location: 2F 0-2: Strikes out swinging
|
Batting: SHB Dan Ross
|
0-0: Ball 1-0: Ground out 4-3 (Groundball, 4)
|
Top of the 5th over - 0 run(s), 0 hit(s), 0 error(s), 0 left on base; Roy 1 - San Francisco 2 |
BOTTOM OF THE 5TH |
San Francisco Macho Men batting - Pitching for Roy Eagle Squadron : RHP Les Johnston
|
Batting: RHB Mike Hall
|
0-0: Fly out, F8 (Flyball, 78XD)
|
Batting: RHB Will White
|
0-0: Called Strike 0-1: Ball 1-1: Foul Ball, location: 2F 1-2: Foul Ball, location: 2F 1-2: Fly out, F9 (Flyball, 9)
|
Batting: LHB Tony Ayala
|
0-0: Ball 1-0: Swinging Strike 1-1: Ball 2-1: Foul Ball, location: 2F 2-2: Foul Ball, location: 2F 2-2: Fly out, F7 (Flyball, 7S)
|
Bottom of the 5th over - 0 run(s), 0 hit(s), 0 error(s), 0 left on base; Roy 1 - San Francisco 2 |
TOP OF THE 6TH |
Roy Eagle Squadron batting - Pitching for San Francisco Macho Men : RHP Gilberto Delgado
|
Batting: RHB Jesús Ortíz
|
0-0: Called Strike 0-1: Foul Ball, location: 2F 0-2: Ground out 6-3 (Groundball, 6)
|
Batting: RHB Dan Duckworth
|
0-0: Foul Ball, location: 2F 0-1: Foul Ball, location: 2F 0-2: Ball 1-2: Strikes out swinging
|
Batting: RHB Oliver Sánchez
|
0-0: SINGLE (Groundball, 56D)
|
Pitching: RHP Ryuichi Ohayashi
|
|
Batting: RHB Rich Crabtree
|
0-0: Ball 1-0: Ground out 5-3 (Groundball, 56S)
|
Top of the 6th over - 0 run(s), 1 hit(s), 0 error(s), 1 left on base; Roy 1 - San Francisco 2 |
BOTTOM OF THE 6TH |
San Francisco Macho Men batting - Pitching for Roy Eagle Squadron : RHP Les Johnston
|
Batting: RHB Steve Boyer
|
0-0: Called Strike 0-1: Ball 1-1: Ball 2-1: SINGLE (Flyball, 89S)
|
Pitching: RHP Gerald McClure
|
|
Batting: SHB Walton Locke
|
0-0: Called Strike 0-1: Ball 1-1: Called Strike 1-2: Ball 2-2: Strikes out looking
|
Batting: LHB António Muńóz
|
0-0: Ball 1-0: Called Strike 1-1: Ball 2-1: Fly out, F9 (Line Drive, 9D)
|
Batting: RHB Derek Hartman
|
0-0: SINGLE (Flyball, 8RS) Steve Boyer to second
|
Batting: RHB Peter Hernández
|
0-0: Foul Ball, location: 2F 0-1: Ball 1-1: Ball 2-1: Fielders Choice at 2nd, 4-6 (Groundball, 4)
|
Bottom of the 6th over - 0 run(s), 2 hit(s), 0 error(s), 1 left on base; Roy 1 - San Francisco 2 |
TOP OF THE 7TH |
Roy Eagle Squadron batting - Pitching for San Francisco Macho Men : RHP Ryuichi Ohayashi
|
Batting: RHB Ricardo Ruíz
|
0-0: Ground out 4-3 (Groundball, 4)
|
Batting: RHB Mike Russell
|
0-0: Ball 1-0: Fly out, F8 (Flyball, 8LM)
|
Batting: LHB Quinn Webb
|
0-0: Swinging Strike 0-1: Ball 1-1: Called Strike 1-2: Foul Ball, location: 2F 1-2: Foul Ball, location: 2F 1-2: Foul Ball, location: 2F 1-2: SOLO HOME RUN (Flyball, 9D), Distance : 354 ft
|
Batting: RHB Richie Sawyer
|
0-0: Foul Ball, location: 2F 0-1: Fly out, F1 (Line Drive, 15)
|
Top of the 7th over - 1 run(s), 1 hit(s), 0 error(s), 0 left on base; Roy 2 - San Francisco 2 |
BOTTOM OF THE 7TH |
San Francisco Macho Men batting - Pitching for Roy Eagle Squadron : RHP Gerald McClure
|
Pinch Hitting: LHB Clayton Bailey
|
0-0: Ball 1-0: DOUBLE (Flyball, 8RXD)
|
Pinch Hitting: LHB Millard Adams
|
0-0: Intentional Walk
|
Batting: RHB Will White
|
0-0: Ball 1-0: Bunted foul 1-1: Sac Bunt - play at third, runner OUT! 1-6 Millard Adams to second
|
Pitching: LHP Bob Pitchforth
|
|
Pinch Hitting: RHB Pablo Pineda
|
0-0: Ball 1-0: DOUBLE (Line Drive, 9) Millard Adams scores Will White to third
|
Pitching: RHP José Rivera
|
|
Pinch Hitting: RHB Nelson Burton
|
0-0: Ball 1-0: Foul Ball, location: 2F 1-1: Ball 2-1: Ball 3-1: Swinging Strike 3-2: Foul Ball, location: 2F 3-2: Ground out 4-3 (Groundball, 4)
|
Batting: SHB Walton Locke
|
0-0: Ball 1-0: Ball 2-0: Ball 3-0: Base on Balls
|
Batting: LHB António Muńóz
|
0-0: Swinging Strike 0-1: Ball 1-1: Foul Ball, location: 2F 1-2: Ball 2-2: Strikes out swinging
|
Bottom of the 7th over - 1 run(s), 2 hit(s), 0 error(s), 3 left on base; Roy 2 - San Francisco 3 |
TOP OF THE 8TH |
Roy Eagle Squadron batting - Pitching for San Francisco Macho Men : RHP Ryuichi Ohayashi
|
Now at 1B: Nelson Burton
|
|
Now at SS: Jorge Quińones
|
|
Now in LF: Millard Adams
|
|
Now in CF: Lou Goeble
|
|
Batting: SHB Dan Ross
|
0-0: Ball 1-0: Called Strike 1-1: Ball 2-1: Foul Ball, location: 2F 2-2: Foul Ball, location: 2F 2-2: Foul Ball, location: 2F 2-2: Fly out, F8 (Line Drive, 8LM)
|
Batting: RHB Jesús Ortíz
|
0-0: Ball 1-0: SINGLE (Line Drive, 89S)
|
Batting: RHB Dan Duckworth
|
0-0: Ball 1-0: Ball 2-0: Called Strike 2-1: Ball 3-1: Base on Balls Jesús Ortíz to second
|
Pinch Hitting: SHB Garrett Waller
|
0-0: Foul Ball, location: 2F 0-1: Bunted foul 0-2: Ball 1-2: Strikes out swinging
|
Batting: RHB Rich Crabtree
|
0-0: Fly out, F9 (Flyball, 9LS)
|
Top of the 8th over - 0 run(s), 1 hit(s), 0 error(s), 2 left on base; Roy 2 - San Francisco 3 |
BOTTOM OF THE 8TH |
San Francisco Macho Men batting - Pitching for Roy Eagle Squadron : RHP José Rivera
|
Now in LF: Garrett Waller
|
|
Batting: RHB Derek Hartman
|
0-0: Foul Ball, location: 2F 0-1: Called Strike 0-2: Ground out 5-3 (Groundball, 56)
|
Batting: RHB Peter Hernández
|
0-0: Swinging Strike 0-1: Foul Ball, location: 2F 0-2: Ball 1-2: Ball 2-2: Strikes out swinging
|
Batting: LHB Lou Goeble
|
0-0: Ball 1-0: Foul Ball, location: 2F 1-1: Ball 2-1: Foul Ball, location: 2F 2-2: SINGLE (Line Drive, 9S)
|
Batting: LHB Millard Adams
|
0-0: Swinging Strike 0-1: Fly out, F7 (Flyball, 7S)
|
Bottom of the 8th over - 0 run(s), 1 hit(s), 0 error(s), 1 left on base; Roy 2 - San Francisco 3 |
TOP OF THE 9TH |
Roy Eagle Squadron batting - Pitching for San Francisco Macho Men : RHP Ryuichi Ohayashi
|
Pitching: LHP Miguel Guerra
|
|
Now at C: Carlos Rosales
|
|
Pinch Hitting: RHB Chad Battle
|
0-0: Foul Ball, location: 2F 0-1: Swinging Strike 0-2: Strikes out looking
|
Batting: RHB Mike Russell
|
0-0: Called Strike 0-1: Swinging Strike 0-2: Strikes out looking
|
Pinch Hitting: LHB Duane Lemay
|
0-0: Swinging Strike 0-1: Swinging Strike 0-2: Ball 1-2: Ball 2-2: Ball 3-2: Strikes out swinging
|
Top of the 9th over - 0 run(s), 0 hit(s), 0 error(s), 0 left on base; Roy 2 - San Francisco 3 |
|